Map: Glittering Ashes LE

Players

Lambo - Winner!

  • Race: Zerg Zerg

SpeCial

  • Race: Terran Terran
  • League: Master

Event: TSL 8

VOD

Have the link to the VOD?

Description

Time

  • Played on: Nov. 27, 2021, 12:43 p.m.
  • Length: 10:44

All games in this series

Show
View Real Time Build Order
Export as new Build Order

Lambo Zerg - Winner!

Build Orders: Pool First 

Get SALT Encoding   

  12  0:00  Drone  
  13  0:12  Overlord  
  13  0:18  Drone  
  14  0:31  Drone x2  
  14  0:34  Drone  
  17  0:45  Drone  
  17  0:46  Extractor  
  17  0:49  Spawning Pool  
  16  0:55  Drone  
  17  1:06  Drone  
  18  1:16  Hatchery  
  17  1:21  Drone  
  18  1:36  Queen  
  18  1:37  Zergling x2  
  21  1:40  Zergling x2  
  22  1:52  Metabolic Boost  
  22  1:53  Zergling x2, Extractor  
  22  2:00  Overlord  
  23  2:06  Spine Crawler  
  22  2:25  Overlord  
  22  2:31  Zergling x4  
  25  2:40  Queen  
  27  2:44  Overlord  
  27  2:45  Drone  
  27  2:46  Drone  
  29  2:54  Drone x2  
  30  2:59  Zergling x4  
  30  3:01  Zergling x2  
  33  3:10  Drone x2  
  35  3:14  Drone  
  36  3:20  Drone x3  
  36  3:26  Drone  
  39  3:35  Hatchery  
  39  3:37  Drone  
  39  3:38  Drone  
  40  3:43  Overlord  
  40  3:47  Queen  
  42  3:52  Overlord  
  42  3:54  Drone  
  43  4:03  Drone, Queen  
  43  4:07  Drone x2  
  43  4:09  Drone  
  49  4:10  Drone  
  49  4:11  Drone x2  
  49  4:15  Drone  
  53  4:22  Queen  
  55  4:26  Overlord  
  55  4:28  Drone  
  55  4:29  Drone x3  
  59  4:38  Extractor  
  59  4:39  Overlord  
  59  4:41  Drone  
  59  4:48  Drone x3  
  59  4:49  Drone x2  
  64  4:55  Queen  
  64  4:56  Drone x2  
  64  4:58  Queen  
  70  5:00  Drone x3  
  73  5:08  Drone, Baneling Nest  
  73  5:12  Drone x3  
  75  5:20  Zergling x4  
  77  5:22  Drone  
  77  5:23  Lair, Spore Crawler  
  77  5:24  Spore Crawler  
  77  5:25  Spore Crawler  
  75  5:28  Drone  
  75  5:29  Drone x2  
  75  5:31  Queen  
  75  5:34  Queen, Overlord  
  82  5:38  Overlord  
  82  5:39  Overlord x2  
  82  5:45  Overlord x2  
  82  5:47  Extractor  
  82  5:49  Overlord  
  81  5:50  Extractor  
  81  5:55  Zergling x4  
  82  5:57  Baneling x2  
  82  5:58  Drone x4  
  82  6:01  Drone  
  87  6:08  Drone x4  
  91  6:11  Drone x2  
  91  6:13  Queen x2  
  91  6:16  Drone  
  91  6:17  Drone x3, Evolution Chamber, Extractor  
  99  6:18  Evolution Chamber  
  99  6:19  Extractor  
  97  6:25  Drone  
  97  6:26  Drone x3  
  97  6:27  Centrifugal Hooks  
  101  6:37  Spire  
  100  6:40  Zergling x6  
  100  6:42  Hatchery  
  100  6:47  Drone x2, Zerg Melee Weapons Level 1  
  103  6:53  Zergling x12  
  109  6:56  Baneling x3  
  109  7:06  Zergling x10  
  114  7:14  Overlord  
  114  7:15  Zergling x12  
  116  7:16  Spore Crawler  
  113  7:23  Roach Warren  
  113  7:24  Drone x5  
  113  7:41  Drone x7  
  113  7:44  Extractor  
  119  7:48  Zerg Missile Weapons Level 1, Extractor  
  119  7:49  Baneling x8  
  117  7:53  Drone  
  117  7:54  Drone x2  
  117  7:58  Evolution Chamber  
  119  8:01  Baneling x2  
  119  8:02  Mutalisk x8  
  136  8:11  Glial Reconstitution  
  136  8:18  Roach x2  
  136  8:19  Overlord x2  
  136  8:21  Overlord  
  136  8:23  Zerg Flyer Weapons Level 1  
  136  8:34  Overlord  
  136  8:38  Corruptor x5  
  136  8:40  Corruptor  
  148  8:43  Roach x3  
  148  8:46  Roach  
  148  8:47  Roach x2  
  160  8:52  Overlord  
  160  8:54  Overlord  
  156  8:56  Overlord  
  156  9:00  Overlord  
  156  9:03  Corruptor  
  156  9:04  Corruptor x2  
  156  9:08  Corruptor x2  
  164  9:13  Corruptor  
  164  9:15  Zergling x28  
  180  9:23  Corruptor x2  
  182  9:37  Roach x9  
  198  9:46  Spine Crawler  
  198  9:47  Baneling x11  
  198  9:52  Roach  
  199  9:58  Baneling x9  
  199  10:01  Drone  
  199  10:04  Overlord  
  196  10:10  Zergling x8  
  196  10:14  Hatchery  
  190  10:17  Roach x10  
  190  10:20  Roach  
  190  10:21  Roach x3  
  199  10:23  Roach  
  199  10:24  Roach x2  
Show
View Real Time Build Order
Export as new Build Order

SpeCial Terran 

Build Orders:  

Get SALT Encoding   

  12  0:00  SCV  
  13  0:12  SCV  
  14  0:18  Supply Depot  
  14  0:24  SCV  
  15  0:41  Barracks  
  15  0:51  Barracks  
  15  0:53  SCV  
  16  1:05  SCV  
  16  1:07  Refinery  
  17  1:17  SCV  
  18  1:28  Marine  
  18  1:29  Orbital Command  
  19  1:38  Supply Depot  
  19  1:39  Marine  
  20  1:46  Marine  
  21  1:54  Bunker  
  21  1:56  SCV  
  21  1:57  Reaper  
  23  2:08  SCV  
  24  2:10  Reaper  
  25  2:20  SCV  
  26  2:27  Command Center  
  26  2:32  SCV  
  27  2:44  SCV  
  27  2:48  Factory  
  27  2:49  Bunker  
  28  2:56  SCV  
  29  3:01  Supply Depot  
  29  3:08  SCV  
  30  3:20  SCV  
  31  3:32  Factory Reactor, Command Center  
  31  3:37  SCV  
  32  3:46  Starport  
  32  3:51  SCV  
  32  3:54  Orbital Command  
  33  4:03  SCV  
  33  4:04  Refinery  
  34  4:10  Hellion x2  
  34  4:15  SCV  
  39  4:20  SCV  
  40  4:24  Viking  
  40  4:27  SCV  
  43  4:32  SCV  
  43  4:34  Hellion x2  
  43  4:37  Supply Depot  
  48  4:39  SCV, Marine  
  48  4:44  SCV  
  51  4:46  Orbital Command  
  51  4:48  Fusion Core  
  51  4:51  SCV  
  52  4:56  SCV  
  52  4:59  Starport Tech Lab  
  53  5:00  Hellion x2  
  53  5:03  SCV  
  53  5:06  Supply Depot  
  58  5:08  SCV  
  58  5:12  SCV  
  60  5:15  SCV  
  60  5:20  SCV  
  60  5:21  Hellion x2, Orbital Command  
  65  5:28  SCV  
  65  5:30  Supply Depot  
  65  5:33  SCV  
  66  5:40  SCV  
  66  5:41  Refinery x2  
  67  5:44  Hellion x2  
  67  5:45  SCV  
  67  5:47  Supply Depot, SCV  
  75  5:51  Battlecruiser  
  75  5:52  SCV  
  80  5:57  SCV  
  80  5:59  SCV  
  82  6:04  SCV  
  82  6:09  SCV  
  82  6:11  SCV  
  85  6:16  SCV  
  85  6:17  Hellion x2  
  85  6:18  Factory  
  88  6:21  SCV  
  88  6:23  Factory, SCV  
  90  6:27  Supply Depot  
  90  6:29  SCV  
  90  6:32  Weapon Refit  
  91  6:33  SCV  
  91  6:34  Refinery  
  91  6:35  SCV  
  91  6:37  Supply Depot  
  91  6:38  Refinery  
  93  6:41  SCV  
  93  6:44  Hellion x2  
  93  6:45  SCV  
  97  6:47  SCV  
  97  6:53  Supply Depot, SCV  
  99  6:57  SCV  
  99  6:59  SCV  
  101  7:03  Battlecruiser  
  101  7:05  Hellion x2, SCV  
  112  7:09  SCV  
  112  7:11  SCV  
  114  7:17  SCV  
  114  7:21  SCV  
  116  7:23  SCV  
  116  7:24  Engineering Bay  
  116  7:26  Hellion x2  
  116  7:27  Factory Tech Lab x2  
  116  7:29  SCV  
  120  7:34  SCV  
  120  7:35  SCV, Armory x2  
  122  7:41  SCV  
  123  7:45  Command Center  
  123  7:46  SCV  
  123  7:48  SCV  
  123  7:50  Supply Depot  
  125  7:52  Missile Turret  
  125  7:53  Missile Turret  
  125  7:54  Widow Mine x2, SCV  
  125  7:55  Missile Turret  
  125  7:58  SCV  
  131  8:00  SCV  
  132  8:10  SCV  
  132  8:12  SCV x2, Battlecruiser  
  141  8:18  Missile Turret  
  140  8:20  Hellion x2  
  140  8:30  Supply Depot  
  140  8:31  Terran Vehicle Weapons Level 1  
  140  8:32  Siege Tank x2  
  146  8:34  Terran Vehicle And Ship Armor Level 1  
  146  8:46  Hellion  
  146  8:48  Factory x2  
  148  8:50  Hellion  
  148  8:54  SCV  
  148  9:06  SCV  
  148  9:07  Hellion  
  148  9:09  Cyclone x2  
  156  9:11  Hellion  
  156  9:12  SCV x2  
  156  9:15  Refinery  
  160  9:18  Supply Depot  
  158  9:24  SCV x3  
  158  9:30  Hellion  
  160  9:33  Hellion  
  160  9:35  Battlecruiser  
  160  9:37  SCV  
  164  9:39  SCV x2  
  166  9:49  Hellion x2, SCV  
  166  9:51  SCV  
  172  9:59  SCV  
  173  10:01  SCV  
  173  10:03  Missile Turret, SCV  
  175  10:10  Hellion, Cyclone  
  180  10:14  SCV  
  135  10:22  Hellion  
  135  10:23  Hellion  
Tags
 
Add a new tag
Caveats
  • Supply blocks, unpowered buildings, or Contaminate may cause inaccurate times.
  • Supply counts are checked every 10 seconds.